AoeStats
← **************

Arena

510513568Analyzed
2v2 RM · 1d ago on Oct 1, 2026· 49m 17s· 4 players
Game mode
Random Map
Map size
Medium (4 player)
Population
200
Speed
Normal
Resources
Standard
Victory
Conquest
Starting age
Dark Age
Ending age
Imperial Age
RankedLock teamsTeams togetherTeam positionsShared explorationLock speedFull tech treeHidden civsTurbo modeCheats
Victory
Defeat
🇭🇰 Magyars · Hong Kong SAR China
1119
+14
🇦🇺 Vikings · Australia
1071
+16
🇩🇪 Lithuanians · Germany
1084
-15
🇪🇸 Bohemians · Spain
1080
-15
Angusjack
10:28 Feudal Age
16:58 Castle Age
15:00 Double-Bit Axe
16:45 Horse Collar
18:25 Bow Saw
24:21 Gold Mining
24:23 Stone Mining
24:35 Heavy Plow
26:03 Crossbowman
27:39 Ballistics
27:48 Pikeman
28:22 Town Watch
28:47 Fletching
29:54 Squires
30:07 Forging
30:17 Loom
31:37 Chieftains
34:48 Imperial Age
32:29 Scale Mail Armor
32:31 Padded Archer Armor
33:29 Gold Shaft Mining
32:49 Arson
32:26 Elite Skirmisher
33:53 Murder Holes
34:09 Masonry
34:36 Chain Mail Armor
34:18 Bodkin Arrow
34:47 Caravan
35:53 Conscription
34:58 Elite Varangian Guard
34:59 Arbalester
37:53 Plate Mail Armor
38:01 Iron Casting
37:27 Bracer
36:51 Capped Ram
40:23 Blast Furnace
39:41 Leather Archer Armor
40:29 Bogsveigar
44:08 Ring Archer Armor
44:44 Chemistry
44:01 Siege Ram
46:23 Fortified Wall
低糖老头
11:15 Feudal Age
15:18 Castle Age
16:24 Double-Bit Axe
22:02 Wheelbarrow
21:16 Town Watch
21:49 Stone Mining
23:00 Horse Collar
23:32 Bow Saw
23:56 Gold Mining
26:40 Gold Shaft Mining
30:50 Imperial Age
28:19 Fletching
29:10 Heavy Plow
29:57 Ballistics
29:36 Bodkin Arrow
29:46 Scale Barding Armor
29:42 Padded Archer Armor
29:55 Bloodlines
29:48 Husbandry
30:47 Hand Cart
30:43 Thumb Ring
30:46 Corvinian Army
32:23 Crop Rotation
32:38 Parthian Tactics
32:47 Bracer
34:27 Two-Man Saw
33:59 Recurve Bow
34:17 Leather Archer Armor
34:22 Chain Barding Armor
35:09 Heavy Cavalry Archer
36:12 Conscription
37:09 Ring Archer Armor
37:14 Plate Barding Armor
36:39 Elite Magyar Huszar
41:22 Murder Holes
41:33 Siege Engineers
44:36 Chemistry
fede
10:03 Feudal Age
14:42 Castle Age
13:17 Double-Bit Axe
14:20 Horse Collar
18:25 Gold Mining
18:52 Bow Saw
23:25 Wheelbarrow
22:37 Loom
24:04 Heavy Plow
23:56 Gold Mining
26:15 Scale Barding Armor
26:23 Forging
27:42 Hand Cart
28:23 Stone Mining
32:02 Imperial Age
30:36 Iron Casting
31:04 Chain Barding Armor
30:35 Fletching
31:51 Bloodlines
31:41 Husbandry
32:19 Cavalier
33:38 Plate Barding Armor
32:59 Bodkin Arrow
33:06 Light Cavalry
35:00 Two-Man Saw
34:43 Paladin
36:18 Stone Shaft Mining
37:03 Chemistry
36:15 Masonry
36:00 Murder Holes
36:21 Fortified Wall
35:43 Pikeman
37:28 Conscription
**************
9:27 Loom
11:12 Feudal Age
12:24 Double-Bit Axe
15:36 Castle Age
14:08 Horse Collar
17:30 Bow Saw
19:01 Fervor
19:47 Wheelbarrow
20:58 Hand Cart
22:44 Town Watch
23:44 Fletching
23:58 Heavy Plow
24:32 Padded Archer Armor
24:51 Bodkin Arrow
25:53 Crossbowman
26:24 Elite Skirmisher
27:22 Leather Archer Armor
27:34 Sanctity
31:41 Imperial Age
30:56 Scale Mail Armor
31:07 Forging
31:38 Caravan
33:08 Chemistry
32:29 Ballistics
32:59 Conscription
33:10 Houfnice
34:32 Arbalester
35:41 Bracer
38:09 Hussite Reforms
39:11 Ballistics
39:43 Scale Barding Armor
40:14 Iron Casting
39:57 Husbandry
39:17 Cavalier
40:46 Chain Barding Armor
46:39 Ring Archer Armor
Connection lost

Rejoining the realm…

Still unreachable

The connection could not be restored.

Session expired

The server has moved on; the page needs a fresh start.